 Dungeon Crawl Stone Soup version 0.24.0-1-gfbc8707 (webtiles) character file.

Game seed: 6785227469116501883, levelgen mode: deterministic

7772 ArcanElement the Thaumaturge (level 11, -10/67 HPs)
             Began as a Deep Elf Wizard on Oct 28, 2019.
             Was a Priest of Sif Muna.
             Blown up by an eye of devastation (32 damage)
             ... with a bolt of energy
             ... in a Gauntlet.
             The game lasted 00:34:45 (10928 turns).

ArcanElement the Thaumaturge (Deep Elf Wizard)     Turns: 10928, Time: 00:34:45

Health: -10/67     AC:  8    Str:  4    XL:     11   Next: 1%
Magic:  8/28       EV: 21    Int: 27    God:    Sif Muna [***...]
Gold:   480        SH:  0    Dex: 13    Spells: 16/33 levels left

rFire    . . .     SeeInvis +   B - +6 dagger
rCold    . . .     Gourm    .   (no shield)
rNeg     + . .     Faith    .   I - +1 robe {rN+}
rPois    .         Spirit   .   E - +2 helmet {SInv}
rElec    .         Reflect  .   y - +0 cloak
rCorr    +         Harm     .   (no gloves)
MR       +....     NoTele   +   s - +0 pair of boots
Stlth    ++........             u - amulet of regeneration
HPRegen  0.61/turn              l - +3 ring of evasion
MPRegen  0.21/turn              H - ring of resist corrosion

@: no status effects
A: no striking features
a: Channel Magic, Forget Spell, Renounce Religion


You were in a Gauntlet.
You worshipped Sif Muna.
Sif Muna was most pleased with you.
You were very hungry.

You visited 3 branches of the dungeon, and saw 11 of its levels.
You also visited: Ossuary and Gauntlet.

You collected 766 gold pieces.
You spent 286 gold pieces at shops.

Inventory:

Hand Weapons
 c - a +0 dagger
 f - a +1 vampiric spear
 o - a +2 shortbow of velocity
 B - a +6 dagger (weapon)
 K - a +2 mace of crushing
Missiles
 v - 34 poisoned darts (quivered)
 z - 124 arrows
Armour
 a - a +1 helmet
 b - a +0 hat
 s - a +0 pair of boots (worn)
 y - a +0 cloak (worn)
 C - a +2 robe of magic resistance
 E - a +2 helmet of see invisible (worn)
 I - a +1 robe of positive energy (worn)
Jewellery
 l - a +3 ring of evasion (left hand)
 m - an uncursed amulet of guardian spirit
 u - an amulet of regeneration (around neck)
 H - a ring of resist corrosion (right hand)
Wands
 g - a wand of disintegration (10)
 h - a wand of clouds (3)
 k - a wand of paralysis (22)
 G - a wand of flame (18)
Scrolls
 n - a scroll of blinking {unknown}
 q - 8 scrolls of teleportation
 r - 5 scrolls of remove curse
 F - a scroll of amnesia
 J - a scroll of silence {unknown}
Potions
 e - 3 potions of resistance
 i - a potion of mutation
 j - 6 potions of curing
 p - a potion of brilliance
 t - 2 potions of heal wounds
 w - 2 potions of flight
 x - 5 potions of magic
 A - a potion of might
 D - a potion of haste
Comestibles
 d - 24 rations


   Skills:
 - Level 7.0 Fighting
 - Level 10.4 Dodging
 - Level 2.4 Stealth
 - Level 11.7 Spellcasting
 - Level 5.0 Conjurations
 - Level 3.3 Hexes
 - Level 3.2 Summonings
 - Level 3.1 Translocations
 - Level 2.8 Fire Magic
 - Level 2.4 Air Magic
 + Level 3.7 Poison Magic


You had 16 spell levels left.
You knew the following spells:

 Your Spells              Type           Power        Failure   Level  Hunger
a - Magic Dart            Conj           ####         1%          1    None
b - Blink                 Tloc           N/A          1%          2    None
c - Call Imp              Summ           ####....     1%          2    None
d - Slow                  Hex            ####....     1%          2    None
e - Mephitic Cloud        Conj/Pois/Air  #####...     2%          3    None
f - Conjure Flame         Conj/Fire      #####...     2%          3    None
g - Olgreb's Toxic Radia  Pois           #####...     8%          4    None

Your spell library contained the following spells:

 Spells                   Type           Power        Failure   Level  Hunger
 Sting                    Conj/Pois      ####         1%          1    None
 Poisonous Vapours        Pois/Air       ####..       1%          2    None
 Venom Bolt               Conj/Pois      #####.....   17%         5    ###....


Dungeon Overview and Level Annotations

Branches:
Dungeon (9/15)             Temple (1/1) D:5            Lair (1/6) D:9
Ossuary (visited)         Gauntlet (1/1)
    Orc: D:9-12

Altars:
Ashenzari
Cheibriados
Dithmenos
Elyvilon
Fedhas
Gozag
Hepliaklqana
Kikubaaqudgha
Makhleb
Nemelex Xobeh
Okawaru
Qazlal
Ru
Sif Muna
Trog
Uskayaw
Vehumet
Wu Jian
Xom
Yredelemnul
Zin
The Shining One

Shops:
D:5 [!![

Annotations:
Gauntlet 15 transporters


Message History

Press: ? - help, Shift-Dir - straight line, f/p - eye of devastation
Aim: an eye of devastation (lightly wounded)
The magic dart hits the eye of devastation but does no damage.
The eye of devastation is lightly wounded.
Casting: Magic Dart (safe; 1% risk of failure)
Confirm with . or Enter, or press ? or * to list all spells.
Aiming: Magic Dart (safe; 1% risk of failure)
Press: ? - help, Shift-Dir - straight line, f/p - eye of devastation
Aim: an eye of devastation (lightly wounded)
The magic dart hits the eye of devastation but does no damage.
The eye of devastation is lightly wounded.
The eye of devastation gazes at you. The bolt of energy hits you!!
Your crimson imp hits the eye of devastation but does no damage.
Casting: Magic Dart (safe; 1% risk of failure)
Confirm with . or Enter, or press ? or * to list all spells.
You blink.
The eye of devastation gazes at you. The bolt of energy hits you!!
You die...

##########.###########..#8#
.Z.§§....#.#.........#..###
..##.##..#.#.##...##.#....#
.#.^#§.#.#.#..##.##.=#....###
.#..#©.#.#.#...#.#...###..#8#
.^#####^.#.#....§#..©#©#..###
.#..#..#.#.#...#§#...#.#..#
^#.^#..#.#.#..##G##.=#.#..### ###
..##.##..#.#.##.@5##.#.#..#8# #8#
....©....#.#..G......#.#..#######
######################.#.........
....©.........©#≈≈8≈≈#.#.........
######################.##########
≈≈≈≈8≈§≈§#©...........©..........
#################################
zzz#.#...#J#.JJ#.#........s#.#..≈
.zz#.#..#...#..#.#.#.....#s#.#.≈.


You could see a slime creature, an eye of devastation, a death ooze, a jelly, a
floating eye and a friendly crimson imp.

Vanquished Creatures
  Harold (D:8)
  A two-headed ogre (D:7)
  Psyche (D:8)
  A queen bee (D:8)
  Prince Ribbit (D:8)
  A hippogriff (D:9)
  A human (D:7)
  Eustachio (D:5)
  4 hogs (D:7)
  A hungry ghost (D:9)
  Duvessa (D:5)
  4 orc warriors
  A meliai simulacrum (Gauntlet)
  2 ice beasts (D:8)
  A phantom (D:5)
  A sky beast (D:8)
  5 necrophages (D:7)
  4 centaurs
  2 bullfrogs
  5 elf zombies (Ossuary)
  Dowan (D:5)
  A scorpion (D:4)
  10 killer bees (D:8)
  3 howler monkeys (D:8)
  2 crimson imps
  2 jellies
  A lava snake (D:9)
  3 centaur zombies (Ossuary)
  A wyvern simulacrum (Gauntlet)
  3 hounds
  5 orc priests
  6 orc wizards
  4 human zombies (Ossuary)
  2 centaur skeletons
  4 iguanas
  6 worker ants
  A killer bee zombie (D:7)
  A bullfrog simulacrum (Gauntlet)
  A centaur simulacrum (Gauntlet)
  2 hound zombies
  3 mummies (Ossuary)
  6 gnolls (D:4)
  10 adders
  2 shadow imps (D:5)
  2 oozes
  An adder zombie (D:7)
  An adder skeleton (D:6)
  2 dart slugs (D:2)
  7 leopard geckos
  20 orcs
  4 bats (D:2)
  3 giant cockroaches
  8 goblins
  8 hobgoblins
  5 jackals
  5 quokkas
  7 frilled lizards
  A jackal skeleton (D:6)
  A jackal zombie (D:7)
  6 kobolds
  A quokka skeleton (D:5)
  3 rats
204 creatures vanquished.

Vanquished Creatures (collateral kills)
  A killer bee (D:8)
  A worker ant (D:3)
  2 adders (D:2)
  A worm (D:3)
  A jackal (D:3)
  A kobold (D:2)
  A bat (D:3)
8 creatures vanquished.

Vanquished Creatures (others)
  An unseen horror (D:8)
  A killer bee (D:8)
  An orc wizard (D:8)
  A bush (D:7)
  6 demonic plants (Gauntlet)
  31 plants
41 creatures vanquished.

Grand Total: 253 creatures vanquished

Notes
Turn   | Place    | Note
-------+----------+-------------------------------------------
     0 | D:1      | ArcanElement the Deep Elf Wizard began the quest for the
                  | Orb.
     0 | D:1      | Reached XP level 1. HP: 10/10 MP: 7/7
   577 | D:1      | Reached XP level 2. HP: 15/15 MP: 6/9
  1139 | D:1      | Learned a level 2 spell: Blink
  1142 | D:1      | Learned a level 2 spell: Call Imp
  1145 | D:1      | Learned a level 2 spell: Slow
  1209 | D:2      | Found a faded altar of an unknown god.
  1561 | D:2      | Reached XP level 3. HP: 19/19 MP: 5/10
  1566 | D:2      | Learned a level 3 spell: Mephitic Cloud
  2425 | D:3      | Reached XP level 4. HP: 24/24 MP: 8/12
  2800 | D:3      | Reached skill level 1 in Fighting
  2800 | D:3      | Reached XP level 5. HP: 29/29 MP: 11/14
  2909 | D:3      | Reached skill level 5 in Spellcasting
  3140 | D:3      | Found an ancient bone altar of Kikubaaqudgha.
  3140 | D:3      | Found a shadowy altar of Dithmenos.
  3377 | D:3      | Learned a level 3 spell: Conjure Flame
  3587 | D:4      | Reached XP level 6. HP: 35/35 MP: 11/16
  4033 | D:5      | Entered Level 5 of the Dungeon
  4079 | D:5      | Reached skill level 6 in Spellcasting
  4126 | D:5      | Noticed an orc warrior
  4234 | D:5      | Noticed Dowan
  4237 | D:5      | Noticed Duvessa
  4765 | D:5      | Reached skill level 5 in Dodging
  4765 | D:5      | Reached XP level 7. HP: 40/40 MP: 14/18
  4775 | D:5      | Noticed Eustachio
  5004 | D:5      | Found Boat's Distillery.
  5008 | D:5      | Bought a potion of heal wounds for 55 gold pieces
  5008 | D:5      | Bought a potion of curing for 33 gold pieces
  5009 | D:5      | Found Cuqi's Distillery.
  5045 | D:5      | Killed Dowan
  5148 | D:5      | Killed Duvessa
  5148 | D:5      | Reached skill level 7 in Spellcasting
  5577 | D:5      | Killed Eustachio
  5577 | D:5      | Reached XP level 8. HP: 48/48 MP: 13/21
  5639 | D:5      | Bought a potion of haste for 110 gold pieces
  5639 | D:5      | Bought a potion of magic for 88 gold pieces
  5734 | D:5      | Found Binuimewn's Armour Emporium.
  5777 | D:5      | Found Pyrijasch's Antique Armour Boutique.
  5861 | D:5      | Found a staircase to the Ecumenical Temple.
  5869 | Temple   | Entered the Ecumenical Temple
  5908 | Temple   | Became a worshipper of Sif Muna the Loreminder
  6189 | D:6      | Reached skill level 8 in Spellcasting
  6679 | D:6      | Found a bloodstained altar of Trog.
  7049 | D:7      | Found a sand-covered staircase.
  7055 | Ossuary  | Entered an ossuary
  7132 | Ossuary  | Reached skill level 9 in Spellcasting
  7142 | Ossuary  | Reached * piety under Sif Muna
  7274 | Ossuary  | Reached skill level 5 in Fighting
  7440 | Ossuary  | Reached XP level 9. HP: 54/54 MP: 15/24
  7517 | D:7      | Noticed a two-headed ogre
  7532 | D:7      | Killed a two-headed ogre
  7532 | D:7      | Reached skill level 10 in Spellcasting
  7806 | D:7      | Found a blossoming altar of Fedhas.
  8360 | D:7      | Reached ** piety under Sif Muna
  8368 | D:7      | Reached skill level 11 in Spellcasting
  8609 | D:7      | Reached XP level 10. HP: 61/61 MP: 5/27
  8706 | D:7      | Reached skill level 10 in Dodging
  8952 | D:8      | Noticed Prince Ribbit
  9073 | D:8      | Noticed Psyche
  9078 | D:8      | Killed Prince Ribbit
  9090 | D:8      | Killed Psyche
  9340 | D:8      | Noticed Harold
  9349 | D:8      | Noticed an unseen horror
  9357 | D:8      | Killed Harold
  9357 | D:8      | Reached skill level 1 in Hexes
  9357 | D:8      | Reached skill level 1 in Fire Magic
  9357 | D:8      | Reached skill level 1 in Air Magic
  9357 | D:8      | Reached skill level 1 in Poison Magic
  9368 | D:8      | Killed an unseen horror
  9368 | D:8      | Reached skill level 5 in Conjurations
  9762 | D:8      | Reached *** piety under Sif Muna
  9994 | D:9      | Found a staircase to the Lair.
 10266 | D:9      | Learned a level 4 spell: Olgreb's Toxic Radiance
 10646 | Lair:1   | Entered Level 1 of the Lair of Beasts
 10646 | Lair:1   | Found a gate leading to a gauntlet.
 10653 | Gauntlet | Entered a Gauntlet
 10653 | Gauntlet | Found a transporter.
 10661 | Gauntlet | Found a transporter.
 10663 | Gauntlet | Found a transporter.
 10665 | Gauntlet | Found a transporter.
 10686 | Gauntlet | Found a transporter.
 10687 | Gauntlet | Noticed an eye of devastation
 10695 | Gauntlet | Found a transporter.
 10700 | Gauntlet | Found a transporter.
 10713 | Gauntlet | Noticed a reaper
 10715 | Gauntlet | Found a transporter.
 10734 | Gauntlet | Found a transporter.
 10734 | Gauntlet | Noticed an entropy weaver
 10746 | Gauntlet | Found a transporter.
 10749 | Gauntlet | Noticed a death ooze
 10758 | Gauntlet | Found a transporter.
 10768 | Gauntlet | Noticed a purple ugly thing
 10769 | Gauntlet | Noticed a great orb of eyes
 10770 | Gauntlet | Found a transporter.
 10770 | Gauntlet | Noticed a green ugly thing
 10782 | Gauntlet | Found a transporter.
 10782 | Gauntlet | Noticed an apocalypse crab
 10799 | Gauntlet | Found a transporter.
 10816 | Gauntlet | Found a transporter.
 10818 | Gauntlet | Found a transporter.
 10819 | Gauntlet | Noticed a moth of wrath
 10845 | Gauntlet | Found a transporter.
 10858 | Gauntlet | Found a transporter.
 10887 | Gauntlet | Reached XP level 11. HP: 67/67 MP: 14/28
 10928 | Gauntlet | Blown up by an eye of devastation

Levels and vault maps discovered:
D:1:      evilmike_arrival_rings, layout_basic
D:2:      layout_basic, chequers_ecumenical_altar_island
D:3:      layout_loops_ring, gammafunk_temple_overflow_elements
D:4:      layout_cave_pools, first_ration
D:5:      cheibrodos_fzero, layout_rooms, minmay_temple_entry_gardened_gates,
          serial_shops, shop_statue, kennysheep_mini_moat, shop, shop,
          minmay_fractal_squares_diagonal_5, uniq_eustachio, uniq_duvessa
D:6:      layout_cave_pools, trog_butcher_becter
D:7:      layout_loops_cross, nicolae_ossuary_entry_plus, grunt_livestock,
          fedhas_altar_decomposition
D:8:      layout_rooms, nicolae_looking_at_the_future, uniq_psyche, uniq_harold,
          uniq_prince_ribbit1
D:9:      layout_big_octagon, lair_entry_dummy
Temple:   regret_index_temple_chain_breaker
Lair:1:   layout_big_grid, enter_volcano_4, gauntlet_entry_generic
Gauntlet: gammafunk_gauntlet_one_two_three [nicolae_gauntlet_arena_quarters,
          gammafunk_gauntlet_arena_mazey, gammafunk_gauntlet_arena_split_x,
          nicolae_gauntlet_arena_grate_2, gammafunk_gauntlet_arena_arrow_garden,
          gammafunk_gauntlet_arena_teeth, gammafunk_gauntlet_arena_chambers,
          nicolae_gauntlet_arena_blocks, nicolae_gauntlet_arena_flowing_pool,
          nicolae_gauntlet_exit_dead_adventurers]

Skill      XL: |  1  2  3  4  5  6  7  8  9 10 |
---------------+-------------------------------+-----
Conjurations   | 2 3 4 5 |  5.0
Dodging        | 3 4 5 6 8 9 10 | 10.4
Fighting       | 1 2 3 5 6 7 |  7.0
Spellcasting   | 5 6 7 9 11 | 11.7
Hexes          | 3 |  3.3
Summonings     | 3 |  3.2
Translocations | 3 |  3.1
Fire Magic     | 2 |  2.8
Air Magic      | 2 |  2.4
Poison Magic   | 3 |  3.7
Stealth        | |  2.4

Action                   |  1- 3 |  4- 6 |  7- 9 | 10-12 || total
-------------------------+-------+-------+-------+-------++-------
Melee: Spear             |    11 |    45 |     2 |     8 ||    66
       Dagger            |       |       |    88 |    31 ||   119
Throw: Dart              |       |       |     3 |       ||     3
 Cast: Magic Dart        |    63 |   142 |   197 |   133 ||   535
       Call Imp          |     9 |     1 |     2 |     3 ||    15
       Mephitic Cloud    |       |     6 |    21 |    12 ||    39
       Conjure Flame     |       |     4 |    37 |    21 ||    62
       Blink             |       |     3 |     6 |     5 ||    14
       Slow              |       |       |     3 |       ||     3
       Olgreb's Toxic Ra |       |       |       |     1 ||     1
Evoke: Wand              |       |       |       |    13 ||    13
  Use: Scroll            |       |     4 |     6 |    10 ||    20
       Potion            |       |       |       |     8 ||     8
 Stab: Confused          |       |     5 |     4 |     2 ||    11
  Eat: Chunk             |     4 |     7 |     9 |     3 ||    23
       Ration            |       |       |     1 |     1 ||     2
Armor: Robe              |     3 |     7 |    15 |    13 ||    38
       Skin              |       |       |       |    34 ||    34
Dodge: Dodged            |    15 |    39 |    79 |    43 ||   176
